 Dungeon Crawl Stone Soup version 0.19-a0-1051-gdb7e7f8 (webtiles) character file.

3111 Rome the Covert (level 9, -4/43 HPs)
             Began as a Spriggan Enchanter on Aug 2, 2016.
             Was a Priest of Dithmenos.
             Slain by a killer bee (6 damage)
             ... on level 8 of the Dungeon.
             The game lasted 01:57:49 (14603 turns).

Rome the Covert (Spriggan Enchanter)               Turns: 14603, Time: 01:57:50

Health: -4/43      AC:  4    Str:  4      XL:     9   Next: 60%
Magic:  6/20       EV: 19    Int: 20      God:    Dithmenos [***...]
Gold:   388        SH:  0    Dex: 15 (16) Spells: 7 memorised, 1 level left

rFire  . . .     SeeInvis +     k - +0 scimitar (slice)
rCold  . . .     Gourm    .     b - +2 robe
rNeg   . . .     Faith    .     (shield currently unavailable)
rPois  .         Spirit   .     (helmet restricted)
rElec  .         Dismiss  .     (no cloak)
rCorr  .         Reflect  .     (gloves unavailable)
SustAt .         Harm     .     (boots unavailable)
MR     +....                    (no amulet)
Stlth  +++++++++.               p - ring of stealth
                                w - ring of wizardry

@: lethally poisoned (-4 -> -5), wreathed by umbra, very quick, somewhat
resistant to hostile enchantments, incredibly stealthy
A: unfitting armour, see invisible, herbivore 3, speed 3, slow metabolism 2
a: Shadow Step, Renounce Religion


You were on level 8 of the Dungeon.
You worshipped Dithmenos.
Dithmenos was most pleased with you.
You were not hungry.

You visited 2 branches of the dungeon, and saw 9 of its levels.

You collected 388 gold pieces.

Inventory:

Hand Weapons
 a - a +2 dagger
 g - a +2 long sword of holy wrath
 h - a +0 antimagic short sword
 k - a +0 scimitar of slicing (weapon)
 y - the +1 trident "Acoemet" {drain, Int+4 Dex+3 SInv Stlth+}
   (You found it on level 5 of the Dungeon)

   A truly terrible weapon, it drains the life of those it strikes.
   It affects your intelligence (+4).
   It affects your dexterity (+3).
   It lets you see invisible.
   It makes you more stealthy.
 F - a +0 shortbow
Missiles
 r - 28 poisoned needles
 G - 70 arrows
Armour
 b - a +2 robe (worn)
Magical Staves
 A - an uncursed staff of wizardry
 H - an uncursed staff of cold
Jewellery
 m - an uncursed ring of protection from magic
 p - a ring of stealth (right hand)
 w - a ring of wizardry (left hand)
Wands
 i - a wand of lightning (5/15)
Scrolls
 e - 4 scrolls of remove curse
 l - a scroll of identify
 n - a scroll of recharging
Potions
 f - 3 potions of flight
 j - a potion of brilliance
 s - a potion of might
Books
 c - a book of Maledictions

   Spells                             Type                      Level
   a - Corona                         Hexes                        1
   b - Ensorcelled Hibernation        Hexes/Ice                    2
   c - Confuse                        Hexes                        3
   d - Tukima's Dance                 Hexes                        3
   e - Dazzling Spray                 Conjuration/Hexes            3
 o - a book of Unlife

   Spells                             Type                      Level
   a - Recall                         Summoning/Translocation      3
   b - Animate Dead                   Necromancy                   4
   c - Control Undead                 Necromancy                   4
   d - Cigotuvi's Embrace             Necromancy                   5
   e - Death Channel                  Necromancy                   6
   f - Simulacrum                     Ice/Necromancy               6
Comestibles
 d - 2 bread rations
 t - 2 royal jellies
 B - 4 fruits


   Skills:
 * Level 2.6 Fighting
 * Level 1.8(3.1) Short Blades
 + Level 2.9(3.1) Long Blades
 + Level 0.7 Polearms
 + Level 9.2 Dodging
 + Level 11.4 Stealth
 + Level 7.1 Spellcasting
 + Level 0.5 Conjurations
 + Level 6.8 Hexes
 - Level 2.1 Ice Magic
 + Level 0.3 Evocations


You had one spell level left.
You knew the following spells:

 Your Spells              Type           Power        Failure   Level  Hunger
a - Corona                Hex            ####...      1%          1    None
b - Ensorcelled Hibernat  Hex/Ice        ####..       1%          2    None
c - Confuse               Hex            ####....     1%          3    #......
d - Tukima's Dance        Hex            ####....     1%          3    #......
e - Dazzling Spray        Conj/Hex       ###...       3%          3    #......
f - Simulacrum            Ice/Necr       ##........   100%        6    ######.
g - Recall                Summ/Tloc      N/A          12%         3    #......


Dungeon Overview and Level Annotations

Branches:
Dungeon (8/15)             Temple (1/1) D:5
   Lair: D:8-11

Altars:
Ashenzari
Cheibriados
Dithmenos
Elyvilon
Fedhas
Gozag
Hepliaklqana
Kikubaaqudgha
Makhleb
Nemelex Xobeh
Okawaru
Pakellas
Qazlal
Ru
Sif Muna
Trog
Uskayaw
Vehumet
Xom
Yredelemnul
Zin
The Shining One

Annotations:
D:8 clown's ghost, novice VSEn


Innate Abilities, Weirdness & Mutations

You are tiny and cannot use many weapons and most armour.
You have supernaturally acute eyesight. (SInv)
You are a herbivore.
You cover ground extremely quickly.
You need consume almost no food.


Message History

* * * LOW HITPOINT WARNING * * *
You are poisoned.
The killer bee poisons you!
The killer bee stings you but does no damage.
The killer bee misses you. The killer bee completely misses you.
You feel sick.
The killer bee is no longer blind.
The killer bee stings you.
* * * LOW HITPOINT WARNING * * *
* * * LOW HITPOINT WARNING * * *
You feel sick. The killer bee misses you.
You riposte.
You barely miss the killer bee.
The killer bee is heavily wounded.
Okay, then.
* * * LOW HITPOINT WARNING * * *
You feel sick. The killer bee misses you.
There is a stone staircase leading down here.
* * * LOW HITPOINT WARNING * * *
You feel sick.
The killer bee completely misses you. x2
The killer bee stings you.
You die...

#.......##..##.# .
...####.....##..##.#
.##.#.............##.#
#.............##.....#
#.#.#........###.###.# ..
#.#..........# #.# #.#
...##.......#.#..###.###.#
........#†....#...##.....#
.....<....#.#...@y..######
.......#†#...###yy#.#
.......#.#...# #..#.#
.......#.....###..#.##########
.......###...##..............##
y......# #...##...###..#.#.#..#
.......# #....................#
.......#####.##...............#
#.........##...###....#


You could see 3 killer bees.

Vanquished Creatures
  2 water moccasins (D:6)
  A black bear (D:8)
  An orc warrior (D:7)
  3 ice beasts
  3 ogres
  2 phantoms
  A necrophage (D:7)
  2 sky beasts
  3 centaurs (D:6)
  2 giant frogs
  The ghost of Rome the Chopper, a weakling MiMo of Vehumet (D:3)
  A water moccasin skeleton (D:8)
  3 killer bees
  A crimson imp (D:6)
  2 centaur zombies (D:7)
  A quasit (D:8)
  2 orc priests (D:6)
  8 hounds
  5 orc wizards
  4 iguanas
  5 worker ants
  2 hound zombies
  2 howler monkey zombies
  Robin (D:3)
  10 adders
  4 gnolls (D:4)
  A shadow imp (D:8)
  2 oozes
  A worm (D:2)
  3 dart slugs
  4 giant geckos
  28 orcs
  2 ball pythons
  7 bats
  4 giant cockroaches
  11 goblins
  13 hobgoblins
  12 jackals
  2 quokkas
  2 giant gecko skeletons
  5 giant newts
  A goblin skeleton (D:8)
  3 hobgoblin zombies (D:8)
  8 kobolds
  3 kobold skeletons (D:8)
  A kobold zombie (D:8)
  An orc skeleton (D:8)
  10 rats
196 creatures vanquished.

Vanquished Creatures (collateral kills)
  2 shadow imps (D:7)
2 creatures vanquished.

Grand Total: 198 creatures vanquished

Notes
Turn   | Place    | Note
-------+----------+-------------------------------------------
     0 | D:1      | Rome the Spriggan Enchanter began the quest for the Orb.
     0 | D:1      | Reached XP level 1. HP: 9/9 MP: 5/5
   269 | D:1      | Reached XP level 2. HP: 6/13 MP: 3/6
   440 | D:1      | Learned a level 2 spell: Ensorcelled Hibernation
   567 | D:1      | You fall through a shaft!
   838 | D:2      | Reached skill level 5 in Stealth
   988 | D:2      | Reached XP level 3. HP: 16/16 MP: 8/8
  1064 | D:2      | Found a shadowy altar of Dithmenos.
  1172 | D:2      | Became a worshipper of Dithmenos the Shadowed
  1963 | D:3      | Reached XP level 4. HP: 21/21 MP: 2/9
  1983 | D:3      | Noticed Rome's ghost (weakling MiMo)
  2740 | D:3      | Learned a level 3 spell: Confuse
  2744 | D:3      | Learned a level 3 spell: Tukima's Dance
  3253 | D:3      | Reached * piety under Dithmenos
  3308 | D:3      | Noticed Robin
  3341 | D:3      | Reached skill level 6 in Stealth
  3604 | D:3      | Killed Robin
  3750 | D:3      | Killed Rome's ghost
  3750 | D:3      | Reached XP level 5. HP: 12/24 MP: 1/11
  4260 | D:3      | Found an oddly glowing altar of Pakellas.
  4708 | D:4      | Reached skill level 7 in Stealth
  5143 | D:4      | Reached XP level 6. HP: 28/28 MP: 11/13
  5229 | D:4      | Reached skill level 1 in Ice Magic
  5673 | D:5      | Entered Level 5 of the Dungeon
  5673 | D:5      | Found a staircase to the Ecumenical Temple.
  5696 | Temple   | Entered the Ecumenical Temple
  5807 | D:5      | Found a hazy altar of Hepliaklqana.
  5848 | D:5      | Got a shimmering trident
  5850 | D:5      | Identified the cursed +1 trident "Acoemet" {drain, Int+4 Dex+3 SInv Stlth+} (You found it on level 5 of the Dungeon)
  5857 | D:5      | Noticed a sky beast
  5860 | D:5      | Noticed a water moccasin
  6214 | D:4      | Reached skill level 5 in Dodging
  6454 | D:4      | Reached skill level 8 in Stealth
  6454 | D:4      | Reached skill level 5 in Hexes
  6454 | D:4      | Reached XP level 7. HP: 15/32 MP: 6/15
  6471 | D:4      | Learned a level 3 spell: Dazzling Spray
  8022 | D:6      | Reached ** piety under Dithmenos
  8022 | D:6      | Reached skill level 5 in Spellcasting
  8632 | D:5      | Reached skill level 9 in Stealth
  9113 | D:6      | Reached XP level 8. HP: 37/37 MP: 15/17
  9178 | D:6      | Reached skill level 1 in Fighting
  9908 | D:6      | Reached skill level 10 in Stealth
 10062 | D:6      | Reached skill level 1 in Long Blades
 10951 | D:7      | Identified a scroll of acquirement
 10954 | D:7      | Got a flickering steel ring
 10959 | D:7      | Identified the ring "Vaizxih" {+Fly rPois rC+} (You acquired it on level 7 of the Dungeon)
 11061 | D:7      | Reached XP level 9. HP: 42/42 MP: 7/19
 11348 | D:7      | Reached skill level 11 in Stealth
 12001 | D:8      | Noticed clown's ghost (novice VSEn)
 13948 | D:8      | Learned a level 6 spell: Simulacrum
 13960 | D:8      | Learned a level 3 spell: Recall
 14181 | D:8      | Reached *** piety under Dithmenos
 14398 | D:8      | Found a glowing golden altar of the Shining One.
 14603 | D:8      | HP: 2/43 [poisoned by a killer bee]
 14603 | D:8      | Slain by a killer bee

Vault maps used:
D:1:      dpeg_arrival_oval, minmay_misc_feat_iff
D:2:      grunt_dithmenos_smoke
D:3:      corexii_shack_village, first_bread, grunt_pakellas_basics, uniq_robin
D:5:      basic_altar
D:6:      serial_bayou_pond_d, kennysheep_doodads
D:7:      serial_shops, kennysheep_mini
D:8:      black_bear_nest_1, nicolae_tso_besieged_by_evil
Temple:   compressed_dpeg_circular_temple

Skill      XL: |  1  2  3  4  5  6  7  8  9 |
---------------+----------------------------+-----
Hexes          | 4 5 6 |  6.8
Stealth        | 5 6 7 8 9 10 11 | 11.4
Dodging        | 4 5 6 7 9 |  9.2
Spellcasting   | 3 4 5 6 7 |  7.1
Ice Magic      | 1 2 |  2.1
Fighting       | 1 2 |  2.6
Long Blades    | 2 |  2.9
Short Blades   | |  1.8
Polearms       | |  0.7
Conjurations   | |  0.5
Evocations     | |  0.3

Action                   |  1- 3 |  4- 6 |  7- 9 || total
-------------------------+-------+-------+-------++-------
Melee: Dagger            |   186 |   231 |       ||   417
       Trident           |       |    17 |   156 ||   173
       Long sword        |       |       |   385 ||   385
       Staff             |       |       |    16 ||    16
       Scimitar          |       |       |   162 ||   162
 Cast: Corona            |     6 |     5 |    31 ||    42
       Ensorcelled Hiber |    17 |    49 |    53 ||   119
       Confuse           |       |     6 |    26 ||    32
       Tukima's Dance    |       |     3 |     1 ||     4
       Dazzling Spray    |       |       |    62 ||    62
       Recall            |       |       |     5 ||     5
Evoke: Wand              |       |       |     5 ||     5
  Use: Scroll            |     1 |     5 |    16 ||    22
       Potion            |       |       |    14 ||    14
 Stab: Sleeping          |    20 |    41 |    33 ||    94
       Distracted        |       |     3 |     3 ||     6
       Confused          |       |     5 |    34 ||    39
       Invisible         |       |       |    16 ||    16
  Eat: Bread ration      |       |     1 |     2 ||     3
       Pizza             |       |       |     2 ||     2
       Fruit             |       |       |     1 ||     1
Armor: Robe              |    38 |    21 |    58 ||   117
Dodge: Dodged            |   196 |   243 |   779 ||  1218
